AoeStats
← Grant B 1993

Acropolis

503707893Analyzed
1v1 RM · 29d ago on Sep 1, 2026· 43m 17s· 2 players
Game mode
Random Map
Map size
Tiny (2 player)
Population
200
Speed
Normal
Resources
Standard
Victory
Conquest
Starting age
Dark Age
Ending age
Imperial Age
RankedLock teamsTeams togetherTeam positionsShared explorationLock speedFull tech treeHidden civsTurbo modeCheats
Victory
Defeat
🇦🇷 Lithuanians · Argentina
870
+15
🇺🇸 Poles · United States
847
-15
Grant B 1993
7:50 Loom
10:13 Feudal Age
10:46 Horse Collar
17:35 Castle Age
18:08 Light Cavalry
18:55 Double-Bit Axe
20:20 Bloodlines
20:12 Husbandry
21:49 Forging
21:46 Scale Barding Armor
24:27 Heavy Plow
30:52 Stone Mining
30:53 Gold Mining
35:33 Pikeman
39:02 Scale Mail Armor
42:06 Imperial Age
41:29 Szlachta Privileges
JMD
9:38 Feudal Age
10:50 Double-Bit Axe
14:50 Forging
15:07 Bloodlines
20:27 Castle Age
20:07 Loom
20:19 Horse Collar
20:31 Gold Mining
20:38 Light Cavalry
21:47 Scale Barding Armor
23:07 Town Watch
24:54 Husbandry
27:18 Wheelbarrow
29:02 Iron Casting
32:42 Chain Barding Armor
37:01 Bow Saw
40:39 Imperial Age
38:54 Stone Mining
40:44 Capped Ram
Connection lost

Rejoining the realm…

Still unreachable

The connection could not be restored.

Session expired

The server has moved on; the page needs a fresh start.